 Dungeon Crawl Stone Soup version 0.28.0-47-ge53b351184 (webtiles) character file.

Game seed: 7373300753496468168

52 Kniotic the Insei (level 3, -1/29 HPs)
             Began as a Demonspawn Monk on May 10, 2022.
             Slain by an orc priest
             ... wielding a +0 trident
              (4 damage)
             ... on level 3 of the Dungeon.
             The game lasted 00:03:55 (2450 turns).

Kniotic the Insei (Demonspawn Monk)                 Turns: 2450, Time: 00:03:55

Health: -1/29      AC:  7    Str: 11    XL:     3   Next: 60%
Magic:  3/3        EV: 11    Int: 11    God:
Gold:   109        SH:  0    Dex: 14    Spells: 2/2 levels left

rFire   . . .      SeeInvis +     - Unarmed
rCold   . . .      Faith    .   (no shield)
rNeg    . . .      Spirit   .   n - +2 ring mail "Seafut" {rPois Dex-3 SInv}
rPois   +          Reflect  .   (no helmet)
rElec   .          Harm     .   (no cloak)
rCorr   .          Rampage  .   (no gloves)
Will    .....                   (no boots)
Stlth   ++........              (no amulet)
HPRegen 0.09/turn               (no ring)
MPRegen 0.08/turn               (no ring)

@: no status effects
A: demonic guardian 1, sturdy frame 1
a: no special abilities


You were on level 3 of the Dungeon.
You visited 1 branch of the dungeon, and saw 3 of its levels.

You collected 109 gold pieces.

Inventory:

Armour
 a - a +0 robe
 n - the +2 ring mail "Seafut" (worn) {rPois Dex-3 SInv}
   (You found it on level 3 of the Dungeon)

   Dex:       It affects your dexterity (-3).
   rPois:     It protects you from poison.
   SInv:      It lets you see invisible.
Jewellery
 m - a ring of poison resistance
Wands
 l - a wand of charming (6)
Scrolls
 c - 4 scrolls of identify {unknown}
 e - 2 scrolls of brand weapon {unknown}
 h - a scroll of immolation {unknown}
 i - a scroll of amnesia {unknown}
Potions
 b - 3 potions of brilliance {unknown}
 d - a potion of heal wounds {unknown}
 f - a potion of mutation {unknown}
 g - a potion of attraction {unknown}
 j - a potion of curing {unknown}
 k - a potion of berserk rage {unknown}


   Skills:
 - Level 3.0 Fighting
 - Level 2.6 Dodging
 - Level 1.7 Stealth
 + Level 4.2 Unarmed Combat


You had 2 spell levels left.
You didn't know any spells.
Your spell library contained the following spells:

 Spells                   Type           Power      Damage    Failure   Level
 Static Discharge         Conj/Air       0%         N/A       63%         2
 Dispel Undead            Necr           0%         3d6       99%         4
 Sticky Flame             Conj/Fire      0%         2d3       99%         4


Dungeon Overview and Level Annotations

Branches:
Dungeon (3/15)

Altars:

Shops:
D:1 :

Annotations:
D:2 1 exclusion, Sigmund


Innate Abilities, Weirdness & Mutations

A weak demonic guardian rushes to your aid.
Your movements are slightly less encumbered by armour. (ER -2)


Message History

The orc priest looks braver for a moment.
The orc hits you but does no damage. The orc barely misses you.
You hit the orc but do no damage. You punch the orc.
The orc is severely wounded.
Your shadow imp hits the orc but does no damage.
The orc priest hits you but does no damage.
The orc hits you with a +0 club.
* * * LOW HITPOINT WARNING * * *
The orc closely misses you.
You hit the orc.
The orc is almost dead.
Your shadow imp barely misses the orc.
The orc priest barely misses you. The orc barely misses you.
Your shadow imp hits the orc.
The orc dies!
Something barely misses your shadow imp.
The orc barely misses you.
You hit the orc.
The orc is heavily wounded.
The orc hits you but does no damage.
You closely miss the orc.
The orc is heavily wounded.
Your shadow imp hits the orc.
The orc dies!
The orc priest hits you but does no damage.
Your shadow imp misses the orc priest.
The orc priest hits you but does no damage.
Things that are here:
a +0 short sword; an orc corpse You hit the orc priest.
The orc priest is lightly wounded.
Your shadow imp closely misses the orc priest.
The orc priest hits you with a +0 trident.
* * * LOW HITPOINT WARNING * * *
A demonic guardian appears!
You barely miss the orc priest.
The orc priest is lightly wounded.
Your shadow imp hits the orc priest but does no damage.
The orc priest hits you with a +0 trident.
You die...

####'## #######
#.# #.....# #.#
###.....###.###
..........#...##
###.......#....#
#.............#
#........####.#
#.##.....5@5..#
#....#...o#####
######.>..#
#....# #......
#........
###..?(..#
#......#
#......#


You could see an orc priest (ally target), a friendly shadow imp (summoned) and
a friendly ufetubus (summoned).

Vanquished Creatures
  A worm (D:2)
  2 endoplasms
  3 giant cockroaches
  A goblin (D:1)
  2 hobgoblins (D:1)
  A quokka (D:2)
  3 ball pythons
  4 bats (D:1)
  2 frilled lizards
  3 kobolds (D:1)
  3 rats
25 creatures vanquished.

Vanquished Creatures (collateral kills)
  An adder (D:2)
  2 worms (D:2)
  2 orcs (D:3)
  An endoplasm (D:1)
  A giant cockroach (D:1)
  A goblin (D:1)
8 creatures vanquished.

Grand Total: 33 creatures vanquished

Notes
Turn   | Place    | Note
-------+----------+-------------------------------------------
     0 | D:1      | Kniotic the Demonspawn Monk began the quest for the Orb.
     0 | D:1      | Reached XP level 1. HP: 18/18 MP: 1/1
   123 | D:1      | Reached skill level 3 in Unarmed Combat
   242 | D:1      | You fall into a shaft and drop 1 floor!
   517 | D:1      | Gained mutation: A weak demonic guardian rushes to your
                  | aid. [demonic ancestry]
   517 | D:1      | Reached XP level 2. HP: 19/24 MP: 2/2
   893 | D:1      | Found a faded altar of an unknown god.
  1182 | D:1      | Found Xuss's Book Shop.
  1275 | D:2      | Noticed Sigmund
  1473 | D:2      | Gained mutation: Your movements are slightly less
                  | encumbered by armour. (ER -2) [demonic ancestry]
  1473 | D:2      | Reached XP level 3. HP: 29/29 MP: 3/3
  1691 | D:2      | Reached skill level 4 in Unarmed Combat
  2407 | D:3      | Identified the +2 ring mail "Seafut" {rPois Dex-3 SInv}
  2450 | D:3      | Slain by an orc priest

Illustrated notes

Levels and vault maps discovered:
D:1:      minmay_arrival_up_and_down, layout_rooms, serial_shops,
          nicolae_shop_stone, shapermc_ecumenical_altar_notcrosses,
          hangedman_decor_clover_reticule
D:2:      layout_basic, uniq_sigmund
D:3:      layout_basic, mainiacjoe_overflow_surrounded_room,
          mainiacjoe_overflow_brackets

Skill      XL: |  1  2  3 |
---------------+----------+-----
Unarmed Combat | 3 4 |  4.2
Fighting       | |  3.0
Dodging        | |  2.6
Stealth        | |  1.7

Action                   || total
-------------------------++-------
Melee: Unarmed           ||   130
       Punch             ||     2
 Stab: Sleeping          ||     5
       Distracted        ||     1
Armor: Robe              ||    26
       Ring mail         ||     6
Dodge: Dodged            ||    82
